 Dungeon Crawl Stone Soup version 0.21-a0-351-g38363bb (webtiles) character file.

590 Spazmo the Magician (level 7, -2/39 HPs)
             Began as a Deep Elf Fire Elementalist on Oct 9, 2017.
             Killed from afar by an orc wizard (10 damage)
             ... with a puff of flame
             ... on level 4 of the Dungeon.
             The game lasted 00:10:50 (3339 turns).

Spazmo the Magician (Deep Elf Fire Elementalist)    Turns: 3339, Time: 00:10:51

Health: -2/39      AC:  5    Str:  3    XL:     7   Next: 16%
Magic:  4/18       EV: 13    Int: 22    God:
Gold:   155        SH:  0    Dex: 15    Spells: 3/18 levels left

rFire    . . .     SeeInvis +   s - +2 quarterstaff (chaos)
rCold    . . .     Gourm    .   (shield currently unavailable)
rNeg     . . .     Faith    .   a - +0 robe
rPois    +         Spirit   .   (no helmet)
rElec    .         Reflect  .   t - +1 cloak
rCorr    .         Harm     .   (no gloves)
MR       .....                  e - +0 pair of boots
Stlth    ++........             (no amulet)
HPRegen  0.13/turn              i - ring of see invisible
MPRegen  0.16/turn              n - ring of poison resistance

@: very slightly contaminated
A: fangs 1, robust 1, weak 1
a: no special abilities


You were on level 4 of the Dungeon.
You were hungry.

You visited 1 branch of the dungeon, and saw 4 of its levels.

You collected 155 gold pieces.

Inventory:

Hand Weapons
 h - a +5 dagger of venom
 s - a +2 quarterstaff of chaos (weapon)
Missiles
 d - 125 stones (quivered)
Armour
 a - a +0 robe (worn)
 e - a +0 pair of boots (worn)
 t - a +1 cloak (worn)
Jewellery
 i - a ring of see invisible (left hand)
 n - a ring of poison resistance (right hand)
 q - a +4 ring of dexterity
Scrolls
 u - 2 scrolls of identify
 v - a scroll of fear
Potions
 g - a potion of brilliance
 j - a potion of cancellation
 m - a potion of berserk rage {unknown}
 p - a potion of curing {unknown}
 w - a potion of degeneration {unknown}
Books
 b - a book of Flames

   Spells                             Type                      Level
   a - Flame Tongue                   Conjuration/Fire             1
   b - Throw Flame                    Conjuration/Fire             2
   c - Conjure Flame                  Conjuration/Fire             3
   d - Inner Flame                    Hexes/Fire                   3
   e - Sticky Flame                   Conjuration/Fire             4
   f - Fireball                       Conjuration/Fire             5
Comestibles
 c - 3 bread rations
 f - a chunk of flesh
 o - a fruit
 r - 2 meat rations


   Skills:
 - Level 3.0 Dodging
 - Level 3.1 Stealth
 + Level 6.3 Spellcasting
 + Level 4.7 Conjurations
 + Level 5.6 Fire Magic


You had 3 spell levels left.
You knew the following spells:

 Your Spells              Type           Power        Failure   Level  Hunger
a - Flame Tongue          Conj/Fire      ####.        1%          1    None
b - Throw Flame           Conj/Fire      ####..       1%          2    None
c - Conjure Flame         Conj/Fire      ####....     3%          3    #......
d - Sticky Flame          Conj/Fire      ####....     11%         4    ###....
e - Fireball              Conj/Fire      ####......   28%         5    #####..


Dungeon Overview and Level Annotations

Branches:
Dungeon (4/15)
 Temple: D:4-7

Altars:
Elyvilon


Innate Abilities, Weirdness & Mutations

You have very sharp teeth.
You are robust. (+10% HP)
You are weak. (Str -2)


Message History

You completely miss the orc wizard.
The orc wizard is moderately wounded.
The orc wizard casts a spell at you. The magic dart hits you!
* * * LOW HITPOINT WARNING * * *
You hit the orc wizard but do no damage.
The orc wizard is moderately wounded.
The orc wizard hits you with a dagger.
* * * LOW HITPOINT WARNING * * *
The orc wizard hits you but does no damage.
Casting: Flame Tongue
Confirm with . or Enter, or press ? or * to list all spells.
Aiming: Flame Tongue
Press: ? - help, Shift-Dir - straight line, f/p - orc wizard
Aim: an orc wizard, wielding a dagger and wearing a robe (moderately wounded, slightly transparent)
The flame tongue hits the orc wizard.
The orc wizard is heavily wounded.
The orc wizard points at you and mumbles some strange words.
The puff of flame hits you!
You die...

#######.).... .>.
........$... #.#
#..........# ##.####
#..........# .....#
#..........# #######.##.#
#..........# #.....<..#.#
#..........#
#.#####..#.###....†)...l#
#.#.........@ol..........
####....#.#######.....######
#.......#....# #####..#
#.#.....####)# #.#
##.....######.# ..#
#.............# #.#
#.......####### .# ...#..#.#
##.####.###


You could see an orc wizard (invisible) and a frilled lizard.

Vanquished Creatures
  A sky beast (D:3)
  3 hounds (D:4)
  4 orc priests
  2 orc wizards
  Crazy Yiuf (D:2)
  A worker ant (D:4)
  4 gnolls (D:3)
  5 adders (D:2)
  An adder skeleton (D:4)
  A worm (D:3)
  2 leopard geckos (D:4)
  17 orcs (D:3)
  3 giant cockroaches
  7 hobgoblins
  7 jackals (D:2)
  2 quokkas
  6 bats
  5 frilled lizards
  7 goblins
  6 kobolds
  A quokka skeleton (D:4)
  9 rats
95 creatures vanquished.

Vanquished Creatures (others)
  A plant (D:3)
1 creature vanquished.

Grand Total: 96 creatures vanquished

Notes
Turn   | Place    | Note
-------+----------+-------------------------------------------
     0 | D:1      | Spazmo the Deep Elf Fire Elementalist began the quest for the Orb.
     0 | D:1      | Reached XP level 1. HP: 10/10 MP: 6/6
   676 | D:1      | Reached XP level 2. HP: 15/15 MP: 5/8
   680 | D:1      | Learned a level 2 spell: Throw Flame
  1197 | D:2      | Reached XP level 3. HP: 14/19 MP: 2/10
  1202 | D:2      | Learned a level 3 spell: Conjure Flame
  1734 | D:2      | Reached XP level 4. HP: 24/24 MP: 9/11
  1740 | D:2      | Learned a level 4 spell: Sticky Flame
  1785 | D:2      | Reached skill level 4 in Spellcasting
  1876 | D:2      | Found a runed door.
  1880 | D:2      | Gained mutation: You are robust. (+10% HP) [potion of mutation]
  1880 | D:2      | Gained mutation: Your spells are a little harder to cast, but a little more powerful. [potion of mutation]
  1880 | D:2      | Gained mutation: Your spells are harder to cast, but more powerful. [potion of mutation]
  1881 | D:2      | Noticed Crazy Yiuf
  1885 | D:2      | Killed Crazy Yiuf
  1959 | D:2      | Lost mutation: Your spells are harder to cast, but more powerful. [potion of mutation]
  1959 | D:2      | Lost mutation: Your spells are a little harder to cast, but a little more powerful. [potion of mutation]
  1959 | D:2      | Gained mutation: You are weak. (Str -2) [potion of mutation]
  1959 | D:2      | Gained mutation: You have very sharp teeth. [potion of mutation]
  2043 | D:3      | Reached XP level 5. HP: 27/30 MP: 4/13
  2332 | D:3      | Reached skill level 5 in Spellcasting
  2345 | D:3      | Noticed a sky beast
  2361 | D:3      | Reached XP level 6. HP: 35/35 MP: 0/15
  2389 | D:3      | Killed a sky beast
  2389 | D:3      | Reached skill level 5 in Fire Magic
  2766 | D:3      | Found a white marble altar of Elyvilon.
  3205 | D:4      | Learned a level 5 spell: Fireball
  3300 | D:4      | Reached skill level 6 in Spellcasting
  3306 | D:4      | Reached XP level 7. HP: 28/39 MP: 8/18
  3339 | D:4      | Killed from afar by an orc wizard

Vault maps used:
D:1:      dpeg_arrival_rhombi, minmay_domino_4
D:2:      first_bread, corexii_shack, uniq_crazy_yiuf_cottage
D:3:      elyvilon_altar_3, grunt_decor_mini_mirrors, grunt_decor_one_mirror,
          serial_bayou_ford_a
D:4:      cheibrodos_pilgrimage, overflow_temple_1_default, serial_shops, shop

Skill      XL: |  1  2  3  4  5  6 |
---------------+-------------------+-----
Stealth        | 3 |  3.1
Dodging        | 3 |  3.0
Conjurations   | 2 3 4 |  4.7
Spellcasting   | 4 5 6 |  6.3
Fire Magic     | 4 5 |  5.6

Action                   |  1- 3 |  4- 6 |  7- 9 || total
-------------------------+-------+-------+-------++-------
Melee: Dagger            |     2 |     1 |       ||     3
       Quarterstaff      |       |    22 |    14 ||    36
       Bite              |       |       |     1 ||     1
Throw: Stone             |     2 |       |       ||     2
 Cast: Flame Tongue      |    46 |   102 |     3 ||   151
       Throw Flame       |     1 |     3 |       ||     4
       Sticky Flame      |       |     2 |       ||     2
  Use: Potion            |     2 |     2 |       ||     4
       Scroll            |     4 |     6 |       ||    10
 Stab: Sleeping          |     1 |       |       ||     1
  Eat: Chunk             |     2 |     5 |       ||     7
Armor: Robe              |     1 |     8 |     7 ||    16
Dodge: Dodged            |    12 |    31 |     6 ||    49

Table legend:
 A = Spawn XP
 B = Non-spawn XP
 C = Spawn XP percentage of total XP
 D = Spawn monster count
 E = Non-spawn monster count
 F = Spawn count percentage of total count
 G = Total turns spent on level
                    A         B        C        D         E        F      G
               +---------+---------+-------+---------+---------+-------+---------
         Total |       0 |     844 |   0.0 |       0 |      95 |   0.0 |  3339
               +---------+---------+-------+---------+---------+-------+---------
           D:1 |       0 |      17 |   0.0 |       0 |      11 |   0.0 |  1008
           D:2 |       0 |     136 |   0.0 |       0 |      23 |   0.0 |   982
           D:3 |       0 |     444 |   0.0 |       0 |      50 |   0.0 |  1200
           D:4 |       0 |     247 |   0.0 |       0 |      11 |   0.0 |   149
               +---------+---------+-------+---------+---------+-------+---------
